 Dungeon Crawl Stone Soup version 0.31.0-9-g3a7656b989 (webtiles) character file.

Game seed: 13409934703854251094

5448 sanka the Grappler (level 10, -10/100 HPs)
             Began as a Troll Shapeshifter on Jan 24, 2024.
             Was a Believer of the Shining One.
             Mangled by an orc warlord
             ... wielding a +2 broad axe
              (18 damage)
             ... in a bailey.
             The game lasted 00:11:05 (6373 turns).

sanka the Grappler (Troll Shapeshifter)             Turns: 6373, Time: 00:11:05

Health: -10/100    AC:  2    Str: 24    XL:     10   Next: 41%
Magic:  7/9        EV: 14    Int:  6    God:    the Shining One [**....]
Gold:   465        SH:  6    Dex: 13    Spells: 9/9 levels left

rFire   . .          .
                       - Unarmed
rCold   + . .        (shield currently unavailable)
rNeg    + . .        u - melded +0 fire dragon scales
rPois   .            (helmet restricted)
rElec   .            (no cloak)
rCorr   .            (gloves unavailable)
SInv    .            (boots unavailable)
Will    .....        (no amulet)
Stlth   +            (no ring)
HPRegen 1.16/turn    z - ring of protection from cold
MPRegen 0.11/turn

%: no passive effects
@: divinely shielded, flux-form, weak-willed, glowing
A: glow, contaminating, large, unfitting armour, claws 3, regeneration 1, shaggy
fur 1, tough skin 1
a: Begin Untransformation, Renounce Religion, Divine Shield


You were in a bailey.
You worshipped the Shining One.
The Shining One was pleased with you.
You were something dangerously unstable.
You visited 1 branch of the dungeon, and saw 9 of its levels.
You also visited: Bailey.

You collected 465 gold pieces.


Innate Abilities, Weirdness & Mutations

You are something dangerously unstable.
You glow with magical radiation, making you easy to see and hit.
Foes you strike become dangerously contaminated with magical radiation.
You are incapable of wielding weapons or throwing items.
You are too large for most types of armour.
You have claws for hands.
Your natural rate of healing is unusually fast.
You are covered in fur. (AC +1)
You have tough skin. (AC +1)


   Skills:
 + Level 6.7 Fighting
 + Level 3.4 Dodging
 * Level 11.2 Unarmed Combat
 - Level 7.0 Shapeshifting


You had 9 spell levels left.
You didn't know any spells.
Your spell library contained the following spells:

 Spells                   Type           Power      Damage    Failure   Level
 Kiss of Death            Conj/Necr      0%         2d5       45%         1
 Sublimation of Blood     Necr           0%         N/A       58%         2
 Confusing Touch          Hex            0%         N/A       83%         3
 Hailstorm                Conj/Ice       0%         3d5       83%         3
 Summon Ice Beast         Ice/Summ       0%         N/A       83%         3
 Dispel Undead            Necr           0%         3d6       99%         4
 Petrify                  Alch/Erth      0%         N/A       99%         4
 Irradiate                Conj/Alch      0%         3d11      100%        5
 Summon Forest            Summ/Tloc      0%         N/A       100%        5
 Eringya's Noxious Bog    Alch           0%         4d6       100%        6
 Sculpt Simulacrum        Ice/Alch       0%         N/A       100%        6
 Summon Hydra             Summ           0%         N/A       100%        7

Inventory:

Missiles
 x - 6 javelins
 K - 2 curare-tipped darts (quivered) {=f}
Armour
 a - a +0 animal skin
 u - +0 fire dragon scales (melded)
 B - the +0 cloak of Objectivity {rF- Will+ Str+6}

   Str+6:     It affects your strength (+6).
   rF-:       It makes you vulnerable to fire.
   Will+:     It increases your willpower.
 G - an orb of mayhem
Jewellery
 z - a ring of protection from cold (right claw)
Talismans
 d - a flux talisman (active)
 l - a beast talisman
 J - a maw talisman
Wands
 o - a wand of digging (8)
 I - a wand of charming (7)
 L - a wand of acid (7)
Scrolls
 c - 2 scrolls of silence {unknown}
 g - 2 scrolls of enchant armour {unknown}
 h - a scroll of teleportation {unknown}
 i - a scroll of poison {unknown}
 k - 6 scrolls of identify {unknown}
 m - a scroll of immolation {unknown}
 p - 2 scrolls of fog {unknown}
 q - 2 scrolls of revelation
 w - a scroll of enchant weapon {unknown}
 y - a scroll of vulnerability {!r}
 A - a scroll of torment {unknown}
 D - 2 scrolls of brand weapon {unknown}
 H - 2 scrolls of fear {unknown}
 M - 2 scrolls of butterflies {unknown}
Potions
 b - 2 potions of lignification {!q}
 e - a potion of cancellation {unknown}
 f - 5 potions of heal wounds {@q2}
 j - 3 potions of curing {unknown}
 n - a potion of mutation {unknown}
 r - 3 potions of haste {unknown}
 s - 5 potions of brilliance {unknown}
 t - 2 potions of attraction {unknown}
 v - 4 potions of enlightenment {unknown}
 C - 3 potions of magic {unknown}
 E - a potion of might {unknown}
 F - a potion of berserk rage {unknown}

Dungeon Overview and Level Annotations

Branches:
Dungeon (9/15)             Temple (0/1) D:7          Bailey (1/1)
   Lair: D:8-11         Orc: D:9-12

Altars:
Dithmenos
Makhleb
Zin
The Shining One

♣♣...~~~.▒▒.........▒▒()~~..
♣∩...~~~.▒~....∩....~▒.~~~..
♣♣...~~~.▒~.........~▒.(~~..
♣...)~~.▒~~.8...8.~~▒.~~~..
♣♣..▒▒▒'▒▒▒.......▒▒▒'▒▒▒..
♣.▒▒....▒~.8...8.~▒....▒▒.
♣▒▒.....▒~~~~~~~~~▒.....▒▒
▒▒......▒▒▒▒~~~▒▒▒▒.(....▒
▒...8....po▒'''▒......8...
▒........(.)(..().........
▒.........................
▒▒..8..8...........8..8..▒
▒▒.......▒▒▒▒▒▒▒.......▒▒
▒▒.....▒▒▒▒▒▒▒▒▒.....▒▒
▒▒...▒▒▒▒▒▒▒▒▒▒▒...▒▒
▒▒▒▒▒▒▒▒▒▒▒▒▒▒▒▒▒▒▒▒


You could see an orc warlord (weak-willed, misshapen).


Message History

The orc warlord is moderately wounded.
The orc warlord hits you with a +2 broad axe!
* * * LOW HITPOINT WARNING * * *
Unknown command.
You scratch the orc warlord.
The orc warlord glows dangerously bright.
The orc warlord is heavily wounded.
The orc warlord hits you with a +2 broad axe!!
* * * LOW HITPOINT WARNING * * *
Unknown command.
Okay, then.
The orc warlord attacks as it pursues you!
The orc warlord hits you with a +2 broad axe!
* * * LOW HITPOINT WARNING * * *
As you read the scroll labelled LEIVEWU GUXT, it crumbles to dust.
You feel aware of your surroundings.
It was a scroll of revelation.
The orc warlord barely misses you.
Unknown command.
As you read the scroll labelled BIERIC LUPI, it crumbles to dust.
A wave of despondency washes over your surroundings.
It was a scroll of vulnerability.
The orc warlord hits you with a +2 broad axe!!
The Shining One protects you from harm!
You claw the orc warlord!
The orc warlord shudders as magic cascades through it.
The orc warlord twists and deforms.
The orc warlord is heavily wounded.
The orc warlord hits you with a +2 broad axe!!
You die...

Action                     |  1- 3 |  4- 6 |  7- 9 | 10-12 || total
---------------------------+-------+-------+-------+-------++-------
  Melee: Unarmed           |    59 |   122 |   207 |   107 ||   495
         Punch             |     1 |     5 |     6 |       ||    12
 Invoke: Divine Shield     |       |       |       |     1 ||     1
  Evoke: Wand              |       |       |       |     1 ||     1
    Use: Scroll            |       |       |       |     2 ||     2
         Potion            |       |       |       |     1 ||     1
   Stab: Sleeping          |     2 |       |       |       ||     2
 Armour: Animal skin       |    33 |     1 |       |       ||    34
         Fire dragon scale |       |    95 |   137 |       ||   232
         Skin              |       |       |    41 |    44 ||    85
  Dodge: Dodged            |    20 |    59 |    79 |    47 ||   205
   Form: Flux              |       |       |     2 |       ||     2
                           |       |       |     1 |       ||     1

Levels and vault maps discovered:
D:1:      kennysheep_arrival_seaside, layout_loops_cross, basic_ecumenical_altar
D:2:      layout_basic, kennysheep_jessica_study
D:3:      layout_rooms, grunt_dithmenos_smoke_and_mirrors,
          minmay_misc_feat_plants
D:4:      layout_rooms, minmay_close_crescents
D:5:      layout_loops_cross, mainiacjoe_overflow_small_starburst
D:6:      layout_basic, mainiacjoe_overflow_catwalk, nicolae_nh_ransacked_shop,
          uniq_pikel
D:7:      layout_loops_ring, marbit_many_paths, temple_doors_ab
D:8:      layout_gridville, item_on_display_a
D:9:      layout_rooms, dpeg_oklobed_lair, enter_bailey_3,
          hangedman_decor_diamond_cutter, minmay_fractal_squares_5
Bailey:   bailey_axe_bossmonster_kennysheep, bailey

Notes
Turn   | Place    | Note
-------+----------+-------------------------------------------
     0 | D:1      | sanka the Troll Shapeshifter began the quest for the Orb.
     0 | D:1      | Reached XP level 1. HP: 18/18 MP: 0/0
    47 | D:1      | Found a faded altar of an unknown god.
   192 | D:1      | Reached skill level 1 in Fighting
   842 | D:2      | Reached XP level 2. HP: 23/27 MP: 1/1
   942 | D:2      | Reached skill level 4 in Unarmed Combat
   999 | D:2      | Reached XP level 3. HP: 33/33 MP: 2/2
  1321 | D:2      | Identified +0 fire dragon scales
  1553 | D:2      | Noticed Jessica
  1557 | D:2      | Killed Jessica
  1558 | D:2      | Reached skill level 5 in Unarmed Combat
  1558 | D:2      | Reached XP level 4. HP: 40/41 MP: 3/3
  1882 | D:3      | Found a shadowy altar of Dithmenos.
  1940 | D:3      | Reached XP level 5. HP: 46/48 MP: 4/4
  2222 | D:4      | Reached skill level 6 in Unarmed Combat
  2261 | D:4      | Reached XP level 6. HP: 51/55 MP: 5/5
  2384 | D:4      | Reached skill level 7 in Unarmed Combat
  2661 | D:5      | Entered Level 5 of the Dungeon
  2676 | D:5      | Identified the +0 cloak of Objectivity {rF- Will+ Str+6}
  2790 | D:5      | HP: 3/55 [ogre/+0 giant club (20)]
  2851 | D:5      | Reached skill level 8 in Unarmed Combat
  2851 | D:5      | Reached XP level 7. HP: 36/62 MP: 6/6
  2980 | D:5      | Found a glowing golden altar of the Shining One.
  3029 | D:5      | Became a worshipper of the Shining One
  3456 | D:6      | Reached skill level 9 in Unarmed Combat
  3589 | D:6      | Found a glowing silver altar of Zin.
  3752 | D:6      | Noticed Pikel
  3787 | D:6      | Killed Pikel
  3788 | D:6      | Reached skill level 10 in Unarmed Combat
  3788 | D:6      | Reached skill level 4 in Shapeshifting
  3788 | D:6      | Reached XP level 8. HP: 61/70 MP: 7/7
  3959 | D:6      | Reached skill level 5 in Shapeshifting
  4065 | D:6      | Reached * piety under the Shining One
  4416 | D:7      | Reached skill level 2 in Fighting
  4416 | D:7      | Reached skill level 6 in Shapeshifting
  4471 | D:7      | Found a burning altar of Makhleb.
  4714 | D:7      | Found a staircase to the Ecumenical Temple.
  4760 | D:7      | Reached XP level 9. HP: 80/80 MP: 8/8
  4864 | D:7      | Reached skill level 3 in Fighting
  5176 | D:8      | Noticed a two-headed ogre
  5309 | D:8      | Killed a two-headed ogre
  5310 | D:8      | Reached skill level 5 in Fighting
  5310 | D:8      | Reached skill level 7 in Shapeshifting
  5316 | D:8      | Reached ** piety under the Shining One
  5595 | D:8      | Reached skill level 6 in Fighting
  5879 | D:9      | Paralysed by a hornet for 1 turns
  5881 | D:9      | Reached skill level 2 in Dodging
  5949 | D:9      | Noticed a troll
  5961 | D:9      | Reached XP level 10. HP: 32/98 MP: 9/9
  6037 | D:9      | Reached skill level 3 in Dodging
  6042 | D:9      | Reached skill level 11 in Unarmed Combat
  6091 | D:9      | Found a flagged portal.
  6108 | Bailey   | Entered a bailey
  6121 | Bailey   | Noticed an orc warlord
  6232 | Bailey   | Found a runed translucent gate.
  6234 | Bailey   | Found a runed translucent gate.
  6236 | Bailey   | Found a runed translucent gate.
  6369 | Bailey   | HP: 4/100 [orc warlord/+2 broad axe (13)]
  6371 | Bailey   | The Shining One protects you from harm!
  6373 | Bailey   | Mangled by an orc warlord

Vanquished Creatures
  A two-headed ogre (D:8)
  Pikel (D:6)
  A hornet (D:9)
  A troll (D:9)
  6 yaks (D:9)
  A wyvern (D:8)
  A water moccasin (D:6)
  4 orc warriors
  A black bear (D:7)
  3 ogres
  A centaur (D:9)
  A lemure (D:6)
  4 kobold brigands
  A bullfrog (D:7)
  A scorpion (D:6)
  A gnoll sergeant (D:6)
  5 wights (D:8)
  5 killer bees (D:9)
  2 howler monkeys (D:9)
  2 hounds
  5 orc priests
  A bombardier beetle (D:6)
  A gnoll bouda (D:4)
  Jessica (D:2)
  2 iguanas (D:4)
  2 sleepcaps
  10 orc wizards
  20 gnolls
  5 adders
  A shadow imp (D:6)
  3 white imps
  2 ufetubi (D:6)
  2 dart slugs
  3 ribbon worms
  38 orcs
  3 bats
  5 endoplasms
  4 giant cockroaches
  10 goblins
  8 hobgoblins
  21 kobolds
  4 quokkas
  2 ball pythons
  5 frilled lizards
  2 rats
203 creatures vanquished.

Vanquished Creatures (others)
  An orc wizard (D:6)
1 creature vanquished.

Grand Total: 204 creatures vanquished
